 Dungeon Crawl Stone Soup version 0.28.0-53-g5a82cb258f (webtiles) character file.

Game seed: 17979731910714985624

927 SanguineChosen the Chopper (level 7, 0/62 HPs)
             Began as a Minotaur Berserker on July 29, 2022.
             Was a Priest of Trog.
             Slain by Pikel
             ... wielding a +1 whip of flaming
              (2 damage)
             ... on level 5 of the Dungeon.
             The game lasted 00:20:48 (5565 turns).

SanguineChosen the Chopper (Minotaur Berserker)     Turns: 5565, Time: 00:20:49

Health: 0/62       AC: 15    Str: 24    XL:     7   Next: 85%
Magic:  6/6        EV:  8    Int:  4    God:    Trog [***...]
Gold:   84         SH:  6    Dex:  9    Spells: 6/6 levels left

rFire   . . .      SeeInvis .   a - +0 hand axe
rCold   . . .      Faith    .   u - +2 buckler
rNeg    . . .      Spirit   .   f - +1 chain mail
rPois   .          Reflect  .   (helmet restricted)
rElec   .          Harm     .   (no cloak)
rCorr   +          Rampage  .   d - +0 pair of gloves
Will    .....                   n - +1 pair of boots
Stlth   ..........              (no amulet)
HPRegen 0.20/turn               t - ring of resist corrosion
MPRegen 0.10/turn               (no ring)

@: hasted, very quick
A: horns 2, retaliatory headbutt
a: Renounce Religion, Berserk, Trog's Hand


You were on level 5 of the Dungeon.
You worshipped Trog.
Trog was most pleased with you.
You visited 1 branch of the dungeon, and saw 5 of its levels.

You collected 84 gold pieces.

Inventory:

Hand Weapons
 a - a +0 hand axe (weapon)
Missiles
 j - 2 poisoned darts (quivered)
Armour
 b - a +0 animal skin
 d - a +0 pair of gloves (worn)
 f - a +1 chain mail (worn)
 n - a +1 pair of boots (worn)
 q - a +0 kite shield
 u - a +2 buckler (worn)
Jewellery
 t - a ring of resist corrosion (left hand)
Wands
 v - a wand of flame (8)
 y - a wand of acid (8)
Scrolls
 c - 2 scrolls of teleportation
 i - a scroll of brand weapon {unknown}
 m - a scroll of enchant armour
 p - a scroll of fear
 r - a scroll of acquirement {unknown}
 s - a scroll of vulnerability {unknown}
Potions
 g - 3 potions of berserk rage
 k - a potion of might {unknown}
 l - a potion of magic {unknown}
 o - a potion of heal wounds {unknown}
 w - a potion of lignification {unknown}
 x - a potion of flight {unknown}


   Skills:
 + Level 5.6 Fighting
 + Level 7.2 Axes
 + Level 6.6 Armour
 + Level 3.3 Dodging
 + Level 2.4 Shields
 + Level 0.9 Evocations


You had 6 spell levels left.
You didn't know any spells.
Your spell library was empty.

Dungeon Overview and Level Annotations

Branches:
Dungeon (5/15)
 Temple: D:4-7

Altars:

Annotations:
D:5 Pikel


Innate Abilities, Weirdness & Mutations

You have a pair of horns on your head.
You reflexively headbutt those who attack you in melee.


Message History

The lemure hits you but does no damage. x3
Pikel hits you with a +1 whip of flaming!
* * * LOW HITPOINT WARNING * * *
Pikel burns you.
* * * LOW HITPOINT WARNING * * *
The lemure hits you but does no damage.
You hit Pikel but do no damage. You headbutt Pikel.
Pikel is heavily wounded.
You hit the lemure. You closely miss the lemure. You barely miss the lemure.
You hit the lemure but do no damage. The lemure barely misses you.
You block Pikel's attack. The lemure hits you but does no damage.
You slash Pikel!
Pikel is heavily wounded.
You hit the lemure. You closely miss the lemure.
You hit the lemure but do no damage. x2; The lemure closely misses you.
The lemure hits you but does no damage. x2
Pikel hits you with a +1 whip of flaming.
* * * LOW HITPOINT WARNING * * *
Pikel burns you.
* * * LOW HITPOINT WARNING * * *
Aiming: Corrosive Bolt
Press: ? - help, Q - select action, (/) - cycle Shift-Dir - straight line, f - Pikel
Aim: Pikel, wielding a +1 whip of flaming and wearing a +0 robe (heavily wounded, berserk, 64% to hit)
The bolt of acid hits Pikel.
The acid corrodes Pikel!
Pikel is severely wounded.
The lemure hits you but does no damage. x2; You block Pikel's attack.
The lemure hits you.
* * * LOW HITPOINT WARNING * * *
The lemure barely misses you.
It was a potion of curing.
You feel better. You block Pikel's attack. The lemure hits you.
* * * LOW HITPOINT WARNING * * *
You feel better. The lemure hits you.
* * * LOW HITPOINT WARNING * * *
The lemure completely misses you. The lemure hits you.
* * * LOW HITPOINT WARNING * * *
Pikel hits you with a +1 whip of flaming!
* * * LOW HITPOINT WARNING * * *
Pikel burns you.
You die...

##########
#........#
#........#
#........#
#........#
#....5@5.#
#....K55.#
#........# ##
#..†##...#
.......#+##...##...#
.......#...........#
.......#...........#
.......#...........#
.......#...........#


You could see Pikel (berserk, corroded) and 4 lemures.

Vanquished Creatures
  A water moccasin (D:5)
  A black bear (D:4)
  2 centaurs (D:5)
  An ogre (D:4)
  A phantom (D:5)
  A gnoll sergeant (D:4)
  2 hounds (D:4)
  An orc priest (D:5)
  Ijyb (D:4)
  2 hound skeletons (D:4)
  A howler monkey zombie (D:4)
  Robin (D:2)
  3 gnolls (D:4)
  6 adders
  A worm (D:2)
  2 adder skeletons (D:4)
  4 dart slugs
  8 orcs
  4 bats
  4 endoplasms
  5 giant cockroaches
  14 goblins
  7 hobgoblins (D:2)
  4 jackals (D:1)
  6 kobolds
  3 quokkas
  5 ball pythons
  A frilled lizard (D:2)
  4 rats
96 creatures vanquished.

Vanquished Creatures (others)
  15 plants (D:4)
15 creatures vanquished.

Grand Total: 111 creatures vanquished

Notes
Turn   | Place    | Note
-------+----------+-------------------------------------------
     0 | D:1      | SanguineChosen the Minotaur Berserker began the quest for
                  | the Orb.
     0 | D:1      | Reached XP level 1. HP: 19/19 MP: 0/0
    37 | D:1      | Found a faded altar of an unknown god.
   174 | D:1      | Reached XP level 2. HP: 27/27 MP: 1/1
   202 | D:1      | Reached skill level 4 in Axes
  1003 | D:2      | Reached ** piety under Trog
  1004 | D:2      | Reached XP level 3. HP: 29/33 MP: 2/2
  1607 | D:2      | Noticed Robin
  1628 | D:2      | Killed Robin
  1629 | D:2      | Reached XP level 4. HP: 38/41 MP: 3/3
  3125 | D:4      | Reached XP level 5. HP: 45/47 MP: 4/4
  3183 | D:4      | Reached skill level 5 in Axes
  3273 | D:4      | Reached *** piety under Trog
  3303 | D:4      | Noticed Ijyb
  3315 | D:4      | Killed Ijyb
  3556 | D:4      | Noticed a black bear
  3568 | D:4      | Killed a black bear
  3569 | D:4      | Reached skill level 6 in Axes
  3569 | D:4      | Reached XP level 6. HP: 49/55 MP: 5/5
  3752 | D:4      | Reached skill level 5 in Armour
  3861 | D:4      | Reached skill level 5 in Fighting
  3861 | D:4      | Reached skill level 1 in Shields
  4577 | D:4      | Reached XP level 7. HP: 37/61 MP: 6/6
  4927 | D:5      | Entered Level 5 of the Dungeon
  5181 | D:5      | Reached skill level 7 in Axes
  5540 | D:5      | Noticed Pikel
  5565 | D:5      | HP: 2/62 [Pikel/+1 whip of flaming (11)]
  5565 | D:5      | Slain by Pikel

Illustrated notes

Levels and vault maps discovered:
D:1:      minmay_arrival_loop, layout_loops_cross,
          hellmonk_ecumenical_altar_lost_god
D:2:      layout_basic, minmay_crystal_water, uniq_robin
D:3:      layout_loops_cross
D:4:      layout_loops_cross, nicolae_grassy_gnolls, uniq_ijyb
D:5:      layout_gridville, lightli_ossuary_entry_decrepit_ruins,
          grunt_ministairs_5, chequers_serial_rivers_micro_e, uniq_pikel

Skill      XL: |  1  2  3  4  5  6  7 |
---------------+----------------------+-----
Axes           | 4 6 7 |  7.2
Fighting       | 4 5 |  5.6
Armour         | 3 4 5 6 |  6.6
Dodging        | 3 |  3.3
Shields        | 1 2 |  2.4
Evocations     | |  0.9

Action                   |  1- 3 |  4- 6 |  7- 9 || total
-------------------------+-------+-------+-------++-------
Melee: Hand axe          |    96 |   169 |    70 ||   335
       Headbutt          |    11 |    24 |    13 ||    48
Throw: Dart              |       |     2 |       ||     2
Evoke: Wand              |       |     6 |     1 ||     7
  Use: Scroll            |       |     7 |     3 ||    10
       Potion            |       |       |     3 ||     3
Armor: Chain mail        |    40 |   100 |    71 ||   211
       Animal skin       |     1 |       |       ||     1
Dodge: Dodged            |    37 |    66 |    36 ||   139
Block: Buckler           |       |    22 |    34 ||    56
